Map: Prion Terraces

Players

Cloudetix - Winner!

  • Race: Terran Terran
  • League: Gold

Novawulfen

  • Race: Terran Terran
  • League: Gold

VOD

Have the link to the VOD?

Description

Time

  • Played on: Nov. 14, 2015, 7:07 p.m.
  • Length: 6:14
Show
View Real Time Build Order
Export as new Build Order

Cloudetix Terran - Winner!

Build Orders:  

Get SALT Encoding   

  12  0:01  SCV  
  13  0:13  SCV  
  14  0:18  Supply Depot  
  14  0:25  SCV  
  15  0:39  SCV  
  15  0:42  Barracks  
  16  0:46  Refinery  
  16  0:51  SCV  
  17  1:02  Refinery  
  17  1:04  SCV  
  18  1:16  SCV  
  19  1:31  Reaper  
  19  1:32  Supply Depot  
  21  1:34  Orbital Command  
  20  1:53  Factory  
  20  2:00  SCV  
  21  2:04  Barracks Reactor  
  21  2:12  SCV  
  22  2:24  Command Center  
  22  2:28  SCV  
  23  2:39  Starport  
  23  2:41  SCV  
  24  2:46  Hellion  
  26  2:54  SCV  
  27  3:00  Supply Depot  
  27  3:06  SCV  
  27  3:11  Marine x2  
  30  3:18  SCV  
  31  3:20  Factory Tech Lab  
  31  3:22  Medivac  
  33  3:30  SCV  
  34  3:42  SCV  
  34  3:48  Siege Tank  
  38  3:49  Marine x2  
  38  3:54  SCV  
  41  4:03  Viking  
  41  4:06  SCV, Engineering Bay  
  41  4:08  Marine x2  
  46  4:18  Orbital Command  
  46  4:27  Marine x2  
  46  4:29  Siege Tank  
  46  4:31  SCV  
  52  4:36  Missile Turret  
  52  4:43  SCV  
  52  4:44  Medivac  
  52  4:54  Marine x2  
  54  5:02  Supply Depot  
  54  5:03  Supply Depot  
  54  5:13  Supply Depot  
  54  5:24  SCV x2, Marine x2  
  54  5:26  Barracks  
  58  5:28  Barracks  
  58  5:35  Siege Tank, Starport Reactor  
  58  5:36  SCV  
  58  5:42  Marine  
  63  5:45  SCV  
  63  5:48  SCV  
  63  5:49  Supply Depot  
  66  5:57  SCV  
  66  6:00  SCV  
Show
View Real Time Build Order
Export as new Build Order

Novawulfen Terran 

Build Orders:  

Get SALT Encoding   

  12  0:01  SCV  
  13  0:13  SCV  
  14  0:17  Supply Depot  
  14  0:25  SCV  
  15  0:39  SCV  
  15  0:40  Barracks  
  16  0:45  Refinery  
  16  0:51  SCV  
  17  1:03  SCV  
  18  1:15  SCV  
  19  1:27  Orbital Command  
  19  1:28  Marine  
  20  1:35  Supply Depot  
  20  1:57  Command Center, SCV  
  21  2:04  Marine  
  22  2:09  SCV  
  22  2:13  Factory  
  23  2:21  SCV  
  24  2:25  Barracks Reactor  
  24  2:33  SCV  
  24  2:45  SCV  
  25  2:57  SCV  
  25  2:58  Hellion  
  27  3:05  Factory  
  27  3:08  Marine x2  
  29  3:13  Supply Depot  
  29  3:22  Command Center  
  29  3:27  SCV  
  29  3:32  Refinery  
  30  3:44  Marine  
  30  3:45  Marine  
  30  3:49  Hellion  
  30  3:51  SCV  
  30  3:53  Factory Tech Lab  
  33  3:56  Starport  
  33  4:20  SCV, Orbital Command  
  34  4:28  Marine x2  
  34  4:30  Factory, Factory Reactor  
  36  4:44  SCV  
  36  4:45  Supply Depot  
  37  4:50  SCV  
  38  4:56  SCV  
  38  4:57  Bunker  
  38  4:58  Starport Reactor  
  39  5:03  SCV  
  40  5:08  SCV, Refinery  
  40  5:10  Supply Depot  
  40  5:11  Supply Depot  
  40  5:12  Marine x2  
  45  5:14  Hellion  
  45  5:15  SCV  
  46  5:29  Marine  
  46  5:30  Marine  
  46  5:31  Orbital Command  
  54  5:44  SCV x2  
  54  5:46  Hellion  
  54  5:47  Marine  
  61  5:50  Hellion  
Tags
 
Add a new tag
Caveats
  • Supply blocks, unpowered buildings, or Contaminate may cause inaccurate times.
  • Supply counts are checked every 10 seconds.